 Dungeon Crawl Stone Soup version 0.19-a0-1008-g4c63d25 (webtiles) character file.

185 epen the Conjurer (level 5, 0/41 HPs)
             Began as a Draconian Conjurer on July 23, 2016.
             Succumbed to an orc's poison
             ... on level 2 of the Dungeon.
             The game lasted 00:07:08 (3699 turns).

epen the Conjurer (Draconian Conjurer)              Turns: 3699, Time: 00:07:09

Health: 0/41       AC:  8    Str:  9    XL:     5   Next: 37%
Magic:  2/9        EV: 12    Int: 21    God:
Gold:   117        SH:  0    Dex: 11    Spells: 4 memorised, 0 levels left

rFire  . . .     SeeInvis .     h - +0 dagger
rCold  . . .     Gourm    .     (armour unavailable)
rNeg   . . .     Faith    .     (no shield)
rPois  .         Spirit   .     (helmet restricted)
rElec  .         Dismiss  .     s - +1 cloak
rCorr  .         Reflect  .     r - +0 pair of gloves
SustAt .         Harm     .     (no boots)
MR     .....                    (no amulet)
Stlth  ..........               (no ring)
                                p - ring of loudness (curse)

@: brilliant, lethally poisoned (0 -> -17), very slightly contaminated,
invisible, not resistant to hostile enchantments, extremely unstealthy
A: unfitting armour, hooves 1, weak 1, cold-blooded, AC +5
a: no special abilities


You were on level 2 of the Dungeon.
You were very hungry.

You visited 1 branch of the dungeon, and saw 3 of its levels.

You collected 117 gold pieces.

Inventory:

Hand Weapons
 c - a +2 dagger of venom
 h - a +0 dagger (weapon)
Armour
 r - a +0 pair of gloves (worn)
 s - a +1 cloak (worn)
Jewellery
 p - a cursed ring of loudness (left hand)
Scrolls
 d - a scroll of recharging {unknown}
 f - a scroll of immolation {unknown}
 g - 7 scrolls of identify {unknown}
 l - a scroll of noise {unknown}
 q - a scroll of remove curse {unknown}
 t - a scroll of amnesia {unknown}
Potions
 o - a potion of might
Books
 a - a book of Conjurations

   Spells                             Type                      Level
   a - Magic Dart                     Conjuration                  1
   b - Searing Ray                    Conjuration                  2
   c - Dazzling Spray                 Conjuration/Hexes            3
   d - Fulminant Prism                Conjuration/Hexes            4
   e - Iskenderun's Mystic Blast      Conjuration                  4
   f - Iskenderun's Battlesphere      Conjuration/Charms           5
Comestibles
 b - 3 bread rations
 i - a royal jelly
 k - 2 meat rations
 m - 3 beef jerkies


   Skills:
 + Level 2.1 Fighting
 + Level 2.5 Dodging
 - Level 1.7 Stealth
 * Level 3.2 Spellcasting
 * Level 5.1 Conjurations
 + Level 0.3 Hexes


You couldn't memorise any spells.
You knew the following spells:

 Your Spells              Type           Power        Failure   Level  Hunger
a - Magic Dart            Conj           ####         1%          1    None
b - Searing Ray           Conj           #####.       1%          2    ##.....
c - Dazzling Spray        Conj/Hex       ####..       1%          3    ###....
d - Iskenderun's Mystic   Conj           #####...     2%          4    ####...


Dungeon Overview and Level Annotations

Branches:
Dungeon (3/15)

Altars:
Ashenzari
Dithmenos
Pakellas


Innate Abilities, Weirdness & Mutations

Your plain brown scales are hard. (AC +5)
Your body does not fit into most forms of armour.
You are cold-blooded and may be slowed by cold attacks.
You have large cloven feet.
You are weak. (Str -2)


Message History

Your base attributes are Str 11, Int 16, Dex 11.
You are not resistant to hostile enchantments.
You are extremely unstealthy.
You are alive.
You are brilliant.
You are lethally poisoned (9 -> -16).
You are very lightly contaminated with residual magic.
You are invisible.
Your movement speed is average.
Your attack speed is average.
Your base attributes are Str 11, Int 16, Dex 11.
You are not resistant to hostile enchantments.
You are extremely unstealthy.
Okay, then.
* * * LOW HITPOINT WARNING * * *
You feel sick.
* * * LOW HITPOINT WARNING * * *
You feel sick.
* * * LOW HITPOINT WARNING * * *
You feel sick.
* * * LOW HITPOINT WARNING * * *
You feel sick.
You die...

#.#<#.#..#########.##
#.#.#.#..# #.# #.#......#
#.# #.###.##.# ##'##
#......†.## ##>..##
##........### ##.....## ##
#.##.##....###.......## ##.
#.##.#......#.........####..
#.##.......@†.........'.....
#.####......#.........####..
#.# ##....###.......## ##.
#.######..## ##.....## ##
#.........# ##...##
#########.# ##'## #.# #.#
#.#######.##
#....÷((((.#######


There were no monsters in sight!

Vanquished Creatures
  An orc priest (D:2)
  A worker ant zombie (D:3)
  4 gnolls (D:2)
  3 adders (D:2)
  A worm (D:2)
  4 dart slugs
  3 giant geckos
  An orc (D:2)
  3 giant cockroaches
  10 goblins
  7 hobgoblins
  4 jackals (D:2)
  8 kobolds
  2 quokkas (D:2)
  4 bats
  3 giant newts
  4 rats
63 creatures vanquished.

Notes
Turn   | Place    | Note
-------+----------+-------------------------------------------
     0 | D:1      | epen the Draconian Conjurer began the quest for the Orb.
     0 | D:1      | Reached XP level 1. HP: 14/14 MP: 3/3
   559 | D:1      | Reached XP level 2. HP: 20/20 MP: 3/5
  1332 | D:2      | Reached skill level 1 in Fighting
  1332 | D:2      | Reached XP level 3. HP: 11/28 MP: 0/6
  2135 | D:2      | Learned a level 2 spell: Searing Ray
  2139 | D:2      | Learned a level 3 spell: Dazzling Spray
  2331 | D:2      | Reached XP level 4. HP: 12/35 MP: 1/8
  2879 | D:2      | Found an oddly glowing altar of Pakellas.
  2882 | D:2      | Found a shadowy altar of Dithmenos.
  2884 | D:2      | Found a shattered altar of Ashenzari.
  3480 | D:3      | Reached XP level 5. HP: 41/41 MP: 9/9
  3486 | D:3      | Learned a level 4 spell: Iskenderun's Mystic Blast
  3541 | D:3      | Reached skill level 5 in Conjurations
  3685 | D:2      | Gained mutation: You are weak. (Str -2) [potion of mutation]
  3685 | D:2      | Gained mutation: You have large cloven feet. [potion of mutation]
  3698 | D:2      | HP: 1/41 [poisoned by an orc]
  3699 | D:2      | Succumbed to an orc's poison

Vault maps used:
D:1:      dpeg_arrival_chambers_temple_mockup
D:2:      nicolae_overflow_hidden_temple
D:3:      fiery_altar_vehumet, uniq_natasha

Skill      XL: |  1  2  3  4  5 |
---------------+----------------+-----
Dodging        | 2 |  2.5
Fighting       | 1 2 |  2.1
Spellcasting   | 3 |  3.2
Conjurations   | 5 |  5.1
Stealth        | |  1.7
Hexes          | |  0.3

Action                   |  1- 3 |  4- 6 || total
-------------------------+-------+-------++-------
Melee: Unarmed           |     7 |       ||     7
       Dagger            |   106 |   113 ||   219
       Tailslap          |    11 |    14 ||    25
       Kick              |       |     2 ||     2
 Cast: Magic Dart        |    37 |    21 ||    58
       Searing Ray       |     3 |     7 ||    10
       Dazzling Spray    |       |     4 ||     4
       Iskenderun's Myst |       |     3 ||     3
  Use: Potion            |     4 |     5 ||     9
 Stab: Sleeping          |     4 |       ||     4
       Invisible         |       |     1 ||     1
  Eat: Chunk             |     4 |     6 ||    10
Armor: Skin              |    38 |    50 ||    88
Dodge: Dodged            |    82 |    73 ||   155
